 Dungeon Crawl Stone Soup version 0.29-a0-356-g7bc237e783 (webtiles) character file.

Game seed: 3485444979404898140

4305 Shayle the Covert (level 10, 0/63 HPs)
             Began as a Tengu Brigand on Apr 27, 2022.
             Was an Initiate of Hepliaklqana.
             Succumbed to a killer bee's poison
             ... on level 8 of the Dungeon.
             The game lasted 00:22:01 (9444 turns).

Shayle the Covert (Tengu Brigand)                   Turns: 9444, Time: 00:22:01

Health: 0/63       AC:  7    Str: 12    XL:     10   Next: 32%
Magic:  15/15      EV: 16    Int: 16    God:    Hepliaklqana [......]
Gold:   457        SH:  0    Dex: 15    Spells: 9/14 levels left

rFire   + . .      SeeInvis .   s - +12 flail of Koerenay {elec, rC++ rN+ Stlth-}
rCold   + + .      Faith    .   (no shield)
rNeg    + . .      Spirit   .   x - +0 ring mail
rPois   .          Reflect  .   (helmet restricted)
rElec   .          Harm     .   c - +0 cloak
rCorr   +          Rampage  .   E - +0 pair of gloves
Will    .....                   (boots unavailable)
Stlth   ++........              A - amulet of magic regeneration
HPRegen 0.20/turn               u - ring of protection from fire
MPRegen 0.54/turn               j - ring of resist corrosion

@: lethally poisoned (0 -> -1), on berserk cooldown, flying quickly and
evasively, slowed, very slow
A: beak, talons 3, nimble flight
a: Renounce Religion


You were on level 8 of the Dungeon.
You worshipped Hepliaklqana.
Hepliaklqana was noncommittal.
You visited 2 branches of the dungeon, and saw 10 of its levels.

You collected 479 gold pieces.
You spent 22 gold pieces at shops.

Inventory:

Hand Weapons
 a - a +2 dagger
 s - the +12 flail of Koerenay (weapon) {elec, rC++ rN+ Stlth-}
   (You found it on level 4 of the Dungeon)

   It occasionally discharges a powerful burst of electricity upon striking a
   foe.
   rC:        It greatly protects you from cold.
   rN:        It protects you from negative energy.
   Stlth:     It makes you less stealthy.
 B - a +2 spear of venom
Missiles
 d - 13 poisoned darts
 y - 5 atropa-tipped darts (quivered)
 H - a curare-tipped dart
Armour
 b - a +0 robe
 c - a +0 cloak (worn)
 x - a +0 ring mail (worn)
 E - a +0 pair of gloves (worn)
Jewellery
 j - a ring of resist corrosion (right hand)
 u - a ring of protection from fire (left hand)
 A - an amulet of magic regeneration (around neck)
Wands
 e - a wand of polymorph (8)
 f - a wand of acid (2)
 D - a wand of mindburst (4)
 F - a wand of digging (5)
Scrolls
 g - a scroll of brand weapon
 h - 2 scrolls of enchant weapon
 i - 2 scrolls of teleportation
 m - a scroll of noise {unknown}
 n - a scroll of blinking
 o - a scroll of vulnerability {unknown}
 v - 2 scrolls of fear {unknown}
 z - a scroll of holy word {unknown}
 C - a scroll of summoning {unknown}
 I - a scroll of fog
 J - a scroll of identify
Potions
 k - a potion of haste
 l - 4 potions of brilliance
 r - a potion of mutation
 w - 2 potions of degeneration
 G - a potion of lignification


   Skills:
 + Level 7.4 Fighting
 - Level 2.1 Short Blades
 + Level 6.5 Maces & Flails
 - Level 2.0 Throwing
 + Level 7.9 Dodging
 - Level 8.1 Stealth
 + Level 2.8 Spellcasting
 + Level 4.1 Conjurations
 + Level 3.3 Fire Magic
 + Level 0.7 Invocations


You had 9 spell levels left.
You knew the following spells:

 Your Spells              Type           Power      Damage    Failure   Level
a - Fireball              Conj/Fire      7%         3d5       95%         5

Your spell library contained the following spells:

 Spells                   Type           Power      Damage    Failure   Level
 Ensorcelled Hibernation  Hex/Ice        4%         N/A       54%         2
 Inner Flame              Hex/Fire       7%         N/A       54%         3
 Spider Form              Tmut/Pois      2%         N/A       78%         3
 Iskenderun's Battlesphe  Conj           15%        2d7       92%         5
 Anguish                  Hex/Necr       1%         N/A       99%         4
 Cause Fear               Hex            1%         N/A       99%         4
 Conjure Ball Lightning   Conj/Air       4%         3x3d6     100%        6
 Orb of Destruction       Conj           7%         9d6       100%        7
 Discord                  Hex            1%         N/A       100%        8


Dungeon Overview and Level Annotations

Branches:
Dungeon (9/15)             Temple (1/1) D:7
   Lair: D:8-11         Orc: D:9-12

Altars:
Ashenzari
Cheibriados
Dithmenos
Elyvilon
Fedhas
Gozag
Hepliaklqana
Kikubaaqudgha
Makhleb
Nemelex Xobeh
Okawaru
Qazlal
Ru
Sif Muna
Trog
Uskayaw
Vehumet
Wu Jian
Xom
Yredelemnul
Zin
The Shining One

Shops:
D:1 *

Portals:
Abyss: D:5

Annotations:
D:5 2 transporters, Prince Ribbit; spaghetti's ghost, weakling OpDe
D:7 2 transporters, SirDiesAlot's ghost, novice MfEn


Innate Abilities, Weirdness & Mutations

You have a beak for a mouth.
You have claws for feet.
Your magical nature lets you fly swiftly and evasively.


Message History

The killer bee misses you. The killer bee stings you.
* * * LOW HITPOINT WARNING * * *
Unknown command.
You sock the killer bee!
Lightning courses through the killer bee!
You kill the killer bee!
The killer bee closely misses you. The killer bee completely misses you.
The killer bee barely misses you. The killer bee closely misses you.
Your Conjurations skill increases to level 4!
You closely miss the killer bee. You claw the killer bee!
The killer bee is severely wounded.
The killer bee stings you.
* * * LOW HITPOINT WARNING * * *
You are poisoned.
The killer bee poisons you! The killer bee misses you.
Unknown command.
You bludgeon the killer bee!!
Lightning courses through the killer bee!
You kill the killer bee!
You feel sick.
The killer bee stings you but does no damage.
The killer bee completely misses you.
You sock the killer bee!
Lightning courses through the killer bee!
You kill the killer bee!
You feel sick.
You feel sick.
You feel a strong urge to attack something.
You are no longer berserk.
You are exhausted.
You feel yourself slow down.
* * * LOW HITPOINT WARNING * * *
You feel sick.
* * * LOW HITPOINT WARNING * * *
You feel sick.
* * * LOW HITPOINT WARNING * * *
You feel sick.
* * * LOW HITPOINT WARNING * * *
You feel sick.
You die...

........#
.........#
.........#
.......†.#
.........#
.........#
.........#
.......†.#
)......@†#
.........#
.........#
.........#
.........#
.........#
.........#
.........#
.....?..#


There were no monsters in sight!

Vanquished Creatures
  Joseph (D:7)
  Grinder (D:4)
  A shadow (D:7)
  A yak (D:8)
  Menkaure (D:5)
  3 water moccasins
  2 sky beasts
  3 ice beasts
  2 ogres (D:5)
  2 centaurs
  A phantom (D:5)
  6 bullfrogs
  3 scorpions
  A necrophage (D:8)
  3 wights (D:7)
  6 killer bees (D:8)
  3 howler monkeys
  7 hounds
  3 jellies
  2 orc priests
  A gnoll shaman (D:6)
  Ijyb (D:3)
  Natasha (thrice) (D:3)
  6 iguanas
  5 orc wizards
  9 adders
  5 gnolls
  2 shadow imps (D:7)
  3 white imps
  3 ufetubi
  A worm (D:2)
  3 dart slugs
  21 orcs
  7 ball pythons
  8 bats
  5 giant cockroaches
  6 goblins
  6 hobgoblins
  5 jackals
  5 quokkas
  2 frilled lizards (D:3)
  5 kobolds
  6 rats
170 creatures vanquished.

Vanquished Creatures (others)
  26 fungi (D:8)
  34 plants
60 creatures vanquished.

Grand Total: 230 creatures vanquished

Notes
Turn   | Place    | Note
-------+----------+-------------------------------------------
     0 | D:1      | Shayle the Tengu Brigand began the quest for the Orb.
     0 | D:1      | Reached XP level 1. HP: 12/12 MP: 2/2
   440 | D:1      | Reached XP level 2. HP: 17/17 MP: 3/3
   820 | D:1      | Found Koogar's General Store.
   824 | D:1      | Bought a scroll of identify for 22 gold pieces
   877 | D:1      | Found a faded altar of an unknown god.
  1234 | D:2      | Reached XP level 3. HP: 21/22 MP: 4/4
  2144 | D:3      | Noticed Ijyb
  2170 | D:3      | Killed Ijyb
  2171 | D:3      | Reached XP level 4. HP: 28/28 MP: 5/5
  2193 | D:3      | Found a sacrificial altar of Ru.
  2289 | D:3      | Reached skill level 5 in Stealth
  2289 | D:3      | Gained mutation: Your magical nature lets you fly swiftly
                  | and evasively. [Tengu growth]
  2289 | D:3      | Reached XP level 5. HP: 16/32 MP: 6/6
  2715 | D:3      | Noticed Natasha
  2735 | D:3      | Killed Natasha
  3282 | D:3      | Noticed Natasha
  3287 | D:3      | Killed Natasha
  3435 | D:3      | Noticed Natasha
  3444 | D:3      | Killed Natasha
  3445 | D:3      | Reached XP level 6. HP: 38/38 MP: 7/7
  3601 | D:4      | Identified the +12 flail of Koerenay {elec, rC++ rN+
                  | Stlth-}
  4247 | D:4      | Reached skill level 1 in Maces & Flails
  4333 | D:4      | Noticed Grinder
  4341 | D:4      | Killed Grinder
  4342 | D:4      | Reached skill level 6 in Stealth
  4342 | D:4      | Reached XP level 7. HP: 32/44 MP: 8/8
  4707 | D:5      | Entered Level 5 of the Dungeon
  4767 | D:5      | Reached skill level 5 in Fighting
  4767 | D:5      | Reached skill level 5 in Dodging
  4774 | D:5      | Reached XP level 8. HP: 49/49 MP: 9/9
  4782 | D:5      | Identified the +0 pair of boots of Death's Door {Str+2}
  4986 | D:5      | Noticed Menkaure
  4995 | D:5      | Killed Menkaure
  5244 | D:5      | Reached skill level 7 in Stealth
  5628 | D:5      | Noticed Prince Ribbit
  5648 | D:5      | HP: 1/51 [Prince Ribbit (11)]
  5999 | D:5      | Found a one-way gate to the infinite horrors of the Abyss.
  5999 | D:5      | Noticed spaghetti's ghost (weakling OpDe)
  6000 | D:5      | Found a transporter.
  6024 | D:5      | Found a transporter.
  6254 | D:6      | Reached XP level 9. HP: 51/55 MP: 10/10
  6480 | D:6      | Reached skill level 5 in Maces & Flails
  7302 | D:6      | You are sucked into a shaft and drop 3 floors!
  7378 | D:8      | Reached skill level 8 in Stealth
  7566 | D:8      | Noticed a hornet
  7586 | D:8      | Learned a level 5 spell: Fireball
  7694 | D:8      | Reached skill level 1 in Conjurations
  7701 | D:7      | Reached skill level 1 in Fire Magic
  7726 | D:7      | Noticed Joseph
  7767 | D:7      | Killed Joseph
  7768 | D:7      | Reached skill level 1 in Spellcasting
  7841 | D:7      | Reached XP level 10. HP: 37/63 MP: 14/14
  8372 | D:7      | Found a staircase to the Ecumenical Temple.
  8396 | Temple   | Entered the Ecumenical Temple
  8799 | Temple   | Became a worshipper of Hepliaklqana the Forgotten
  8946 | D:7      | Found a transporter.
  8953 | D:7      | Noticed SirDiesAlot's ghost (novice MfEn)
  8954 | D:7      | Found a bloodstained altar of Trog.
  8955 | D:7      | Noticed a moth of wrath
  8964 | D:7      | Found a transporter.
  9328 | D:8      | HP: 1/63 [yak (12)]
  9441 | D:8      | HP: 3/63 [poisoned by a killer bee]
  9443 | D:8      | HP: 1/63 [poisoned by a killer bee]
  9444 | D:8      | Succumbed to a killer bee's poison

Illustrated notes

Levels and vault maps discovered:
D:1:      ncdulo_lavacross, layout_loops_corners, serial_shops, shop,
          chequers_ecumenical_altar_twisty
D:2:      layout_basic
D:3:      layout_loops_corners, nicolae_overflow_crystal_walls, uniq_natasha,
          uniq_ijyb
D:4:      layout_basic, kennysheep_generic_room_6, uniq_grinder
D:5:      minmay_thinvault, layout_basic, gammafunk_ghost_abyssal_escape,
          minmay_misc_feat_alley, uniq_menkaure, uniq_prince_ribbit1
D:6:      layout_layer_cave
D:7:      layout_layer_cave, minmay_temple_entry_overgrown,
          gammafunk_ghost_wrathful_warriors, serial_bayou_pond_d,
          nicolae_underground_beach, uniq_joseph
D:8:      layout_gridville, due_lair_maze_entry_diamond
D:9:      cheibrodos_two_vegetables, layout_basic, serial_shops,
          kennysheep_little_box, special_room [special_room_orc], uniq_amaemon
Temple:   mainiacjoe_temple_trianglar_array

Skill      XL: |  1  2  3  4  5  6  7  8  9 10 |
---------------+-------------------------------+-----
Dodging        | 2 3 4 5 6 7 |  7.9
Fighting       | 3 4 5 6 7 |  7.4
Stealth        | 5 6 7 8 |  8.1
Maces & Flails | 2 3 4 6 |  6.5
Conjurations   | 3 4 |  4.1
Fire Magic     | 2 3 |  3.3
Spellcasting   | 2 |  2.8
Short Blades   | |  2.1
Throwing       | |  2.0
Invocations    | |  0.7

Action                   |  1- 3 |  4- 6 |  7- 9 | 10-12 || total
-------------------------+-------+-------+-------+-------++-------
Melee: Dagger            |    72 |    48 |       |       ||   120
       Kick              |    18 |    11 |    40 |    14 ||    83
       Peck              |     8 |     8 |    30 |    12 ||    58
       Punch             |       |     1 |       |       ||     1
       Flail             |       |    25 |   177 |    61 ||   263
Throw: Dart              |     3 |    18 |     2 |       ||    23
Evoke: Wand              |       |     4 |       |     3 ||     7
  Use: Scroll            |     5 |       |     1 |     9 ||    15
       Potion            |       |     1 |     1 |     4 ||     6
 Stab: Sleeping          |     7 |     6 |     4 |       ||    17
Armor: Robe              |    22 |    10 |     7 |       ||    39
       Ring mail         |       |       |    26 |    13 ||    39
Dodge: Dodged            |    39 |    43 |   128 |    66 ||   276

Table legend: (Time is in decaauts)
 A = Elapsed time spent in this place.
 B = Non-inter-level travel time spent in this place.
 C = Inter-level travel time spent in this place.
 D = Time resting spent in this place.
 E = Time spent auto-exploring this place.
 F = Levels seen in this place.
 G = Mean time per level.
                   A        B        C        D        E       F      G
               +--------+--------+--------+--------+--------+-----+--------+
         Total |   9045 |   8659 |    386 |   1402 |   5418 |  10 |  904.5 |
       Dungeon |   8651 |   8313 |    338 |   1402 |   5084 |   9 |  961.2 |
        Temple |    393 |    346 |     47 |      0 |    333 |   1 |  393.0 |
               +--------+--------+--------+--------+--------+-----+--------+

Top non-repeatable levels by time:
     D:5: 1686 daAuts
     D:3: 1359 daAuts
     D:1: 1194 daAuts
     D:6: 1121 daAuts
     D:4: 1107 daAuts
     D:2: 885 daAuts
     D:7: 700 daAuts
     D:8: 531 daAuts
  Temple: 393 daAuts
     D:9: 64 daAuts
